 Dungeon Crawl Stone Soup version 0.30.1-4-g462c640d31 (webtiles) character file.

Game seed: 16592271701742968812

0 bbb the Shield-Bearer (level 1, 0/14 HPs)
             Began as a Gargoyle Fighter on Sept 13, 2023.
             Frozen to death by an endoplasm (4 damage)
             ... on level 1 of the Dungeon.
             The game lasted 00:11:05 (461 turns).

bbb the Shield-Bearer (Gargoyle Fighter)             Turns: 461, Time: 00:11:05

Health: 0/14       AC: 13    Str: 19    XL:     1   Next: 10%
Magic:  1/1        EV:  5    Int:  8    God:
Gold:   0          SH:  4    Dex:  9    Spells: 0/0 levels left

rFire   . . .        a - +0 long sword
rCold   . . .        c - +0 buckler
rNeg    + . .        i - +0 plate armour
rPois   ∞            (no helmet)
rElec   +            (no cloak)
rCorr   .            (no gloves)
SInv    .            (no boots)
Will    .....        (no amulet) Stlth
                     (no ring)
HPRegen 0.22/turn    (no ring)
MPRegen 0.07/turn

%: no passive effects
@: no status effects
A: sickness immunity, AC +2, negative energy resistance 1, electricity
resistance, torment resistance 1, petrification resistance
a: no special abilities


You were on level 1 of the Dungeon.
You visited 1 branch of the dungeon, and saw 1 of its levels.

Inventory:

Hand Weapons
 a - a +0 long sword (weapon)
 h - a +0 long sword
Armour
 b - a +0 scale mail
 c - a +0 buckler (worn)
 e - a +0 robe
 i - a +0 plate armour (worn)
Scrolls
 f - a scroll of fear {unknown}
Potions
 d - a potion of might
 g - a potion of curing {unknown}


   Skills:
 + Level 3.3 Fighting
 + Level 1.7 Long Blades
 + Level 3.3 Armour
 + Level 3.3 Shields


You couldn't memorise any spells.
You didn't know any spells.
Your spell library contained the following spells:

 Spells                   Type           Power      Damage    Failure   Level
 Magic Dart               Conj           0%         1d3       100%        1
 Call Imp                 Summ           0%         N/A       100%        2
 Mephitic Cloud           Conj/Pois/Air  0%         N/A       100%        3


Dungeon Overview and Level Annotations

Branches:
Dungeon (1/15)

Altars:


Innate Abilities, Weirdness & Mutations

You are immune to sickness and miasma.
Your stone body is resilient. (AC +2)
You are immune to poison.
You resist negative energy. (rN+)
You are resistant to electric shocks. (rElec)
You are resistant to unholy torment.
You are immune to petrification.


Message History

There are no items here.
You see here a bat corpse.
There are no objects that can be picked up here. a bat corpse You see here a bat corpse.
You see here a +0 plate armour.
i - a +0 plate armour You start removing your armour.
You continue taking off your +0 scale mail. x4
You finish taking off your +0 scale mail.
You start putting on your armour.
You continue putting on your +0 plate armour. x5
You finish putting on your +0 plate armour.
A hobgoblin and an endoplasm come into view.
The endoplasm quivers.
The endoplasm hits you but does no damage.
The endoplasm freezes you.
You are frozen.
The endoplasm closely misses you.
You barely miss the hobgoblin. The hobgoblin hits you.
The endoplasm freezes you.
You are frozen.
The hobgoblin hits you.
The endoplasm hits you but does no damage.
You hit the hobgoblin.
The hobgoblin is heavily wounded.
The endoplasm hits you but does no damage.
The hobgoblin hits you but does no damage.
You barely miss the hobgoblin.
The hobgoblin is heavily wounded.
You block the hobgoblin's attack. The endoplasm freezes you.
You are frozen.
* * * LOW HITPOINT WARNING * * *
The hobgoblin hits you but does no damage.
The endoplasm hits you but does no damage.
You completely miss the hobgoblin.
The hobgoblin is heavily wounded.
The endoplasm freezes you.
You are frozen.
You die...

#.#####.#.##...#####8#####
#.#.####......(..... #.#.#
#..####8##### ..#.# #..#
### # ###.# ##.. # #.#
###. # .######.## .### #
......J..# .... #
.##...g@.# ..... #
#......# #...## #......#
##..... #......# .......
####.... ##.##.. #..... #
#.# ...... ... .......
.... #....


You could see an endoplasm and a hobgoblin.

Vanquished Creatures
  A bat (D:1)
1 creature vanquished.

Notes
Turn   | Place    | Note
-------+----------+-------------------------------------------
     0 | D:1      | bbb the Gargoyle Fighter began the quest for the Orb.
     0 | D:1      | Reached XP level 1. HP: 14/14 MP: 1/1
   461 | D:1      | Frozen to death by an endoplasm

Illustrated notes

Levels and vault maps discovered:
D:1:      lemuel_arrival_cross, layout_basic, basic_ecumenical_altar,
          palyth_stone_intersect, st_stairs_5, minmay_cupped

Action                     || total
---------------------------++-------
  Melee: Long sword        ||     5
 Armour: Plate armour      ||     6
         Scale mail        ||     2
  Dodge: Dodged            ||     3
  Block: Buckler           ||     1
